 Dungeon Crawl Stone Soup version 0.21-a0-321-g91e3373 (console) character file.

13 nht the Vexing (level 2, -1/20 HPs)
             Began as a Gnoll Enchanter on Sept 30, 2017.
             Slain by a jackal (2 damage)
             ... on level 1 of the Dungeon.
             The game lasted 00:00:50 (521 turns).

nht the Vexing (Gnoll Enchanter)                     Turns: 521, Time: 00:00:51

Health: -1/20      AC:  2    Str: 10    XL:     2   Next: 37%
Magic:  7/7        EV: 14    Int: 17    God:
Gold:   25         SH:  0    Dex: 13    Spells: 9/10 levels left

rFire    . . .     SeeInvis .   a - +1 dagger
rCold    . . .     Gourm    .   (no shield)
rNeg     . . .     Faith    .   b - +0 robe
rPois    +         Spirit   .   (helmet restricted)
rElec    .         Reflect  .   (no cloak)
rCorr    .         Harm     .   (no gloves)
MR       .....                  (no boots)
Stlth    +++.......             (no amulet)
HPRegen  0.06/turn              (no ring)
MPRegen  0.10/turn              (no ring)

@: no status effects
A: distributed training, antennae 1, fangs 1, blink, clumsy 1, poison
resistance, strong nose
a: Blink


You were on level 1 of the Dungeon.
You were not hungry.

You visited 1 branch of the dungeon, and saw 1 of its levels.

You collected 25 gold pieces.

Inventory:

Hand Weapons
 a - a +1 dagger (weapon)
Armour
 b - a +0 robe (worn)
Scrolls
 e - a scroll of noise {unknown}
Books
 c - a book of Maledictions

   Spells                             Type                      Level
   a - Corona                         Hexes                        1
   b - Ensorcelled Hibernation        Hexes/Ice                    2
   c - Confuse                        Hexes                        3
   d - Tukima's Dance                 Hexes                        3
   e - Dazzling Spray                 Conjuration/Hexes            3
Comestibles
 d - a bread ration


   Skills:
 + Level 0.8 Fighting
 + Level 2.6 Short Blades
 + Level 1.3 Long Blades
 + Level 0.0 Axes
 + Level 0.0 Maces & Flails
 + Level 0.0 Polearms
 + Level 0.0 Staves
 + Level 0.8 Slings
 + Level 0.0 Bows
 + Level 0.0 Crossbows
 + Level 0.0 Throwing
 + Level 0.0 Armour
 + Level 4.4 Dodging
 + Level 5.8 Stealth
   Level 0.0 Stabbing
 + Level 0.0 Shields
   Level 0.0 Traps
 + Level 0.0 Unarmed Combat
 + Level 4.8 Spellcasting
 + Level 0.0 Conjurations
 + Level 6.5 Hexes
 + Level 0.0 Charms
 + Level 1.7 Summonings
 + Level 0.8 Necromancy
 + Level 0.8 Translocations
 + Level 0.0 Transmutations
 + Level 0.0 Fire Magic
 + Level 0.0 Ice Magic
 + Level 0.8 Air Magic
 + Level 0.0 Earth Magic
 + Level 0.0 Poison Magic
 + Level 0.8 Invocations
 + Level 0.0 Evocations


You had 9 spell levels left.
You knew the following spells:

 Your Spells              Type           Power        Failure   Level  Hunger
a - Corona                Hex            ####...      1%          1    None


Dungeon Overview and Level Annotations

Branches:
Dungeon (1/15)

Altars:


Innate Abilities, Weirdness & Mutations

Your experience applies equally to all skills.
You have very sharp teeth.
Your uncanny sense of smell can sniff out nearby items.
You have a pair of small antennae on your head.
You can translocate small distances at will.
You are clumsy. (Dex -2)
Your system is resistant to poisons. (rPois)


Message History

It was a potion of mutation.
You feel extremely strange.
You feel jittery.
You feel clumsy.
You feel resistant to poisons. A pair of antennae grows on your head!
The jackal barely misses you. The jackal bites you.
* * * LOW HITPOINT WARNING * * *
The jackal misses you.
You see here 25 arrows.
Found an emerald ring.
Things that are here:
a whip; 12 gold pieces; a kobold corpse The jackal bites you.
* * * LOW HITPOINT WARNING * * *
Found a robe. 2 rats come into view.
The jackal closely misses you.
Found a stone.
The jackal barely misses you. x2
The jackal bites you but does no damage.
The jackal bites you.
You die...

███.....█....█ █.█
█.....█.█(██ █.█
█.██..█.█.██████.█ ∆
█.██....█........█
█.█████.██.████.████.███
█..........██ █.█ █.██
███████.....███.████..██████
█.......███.█...............
█.███████ █@█........<......
█...█ █hh.██████████████
█...█ █h.)█ ...r ████...████
█...█ [....
█.........████...██...... ∆∆
█>..............█.......(
█.........█......██......
████...████.██.[.█ .....
█...█ █. █...█ ...r


You could see 3 jackals.

Vanquished Creatures
  A leopard gecko (D:1)
  A goblin (D:1)
  2 hobgoblins (D:1)
  2 kobolds (D:1)
  6 rats (D:1)
12 creatures vanquished.

Notes
Turn   | Place    | Note
-------+----------+-------------------------------------------
     0 | D:1      | nht the Gnoll Enchanter began the quest for the Orb.
     0 | D:1      | Reached XP level 1. HP: 13/13 MP: 6/6
    21 | D:1      | Reached skill level 1 in Summonings
    91 | D:1      | Reached XP level 2. HP: 10/20 MP: 7/7
   129 | D:1      | Reached skill level 1 in Long Blades
   503 | D:1      | Gained mutation: You can translocate small distances at will. [potion of mutation]
   503 | D:1      | Gained mutation: You are clumsy. (Dex -2) [potion of mutation]
   503 | D:1      | Gained mutation: Your system is resistant to poisons. (rPois) [potion of mutation]
   503 | D:1      | Gained mutation: You have a pair of small antennae on your head. [potion of mutation]
   503 | D:1      | HP: 1/20 [jackal (3)]
   510 | D:1      | HP: 1/20 [jackal (1)]
   521 | D:1      | Slain by a jackal

Vault maps used:
D:1:      erik_arrival_orb_chamber

Skill      XL: |  1  2 |
---------------+-------+-----
Summonings     | 1 |  1.7
Long Blades    | 1 |  1.3
Fighting       | |  0.8
Short Blades   | |  2.6
Slings         | |  0.8
Dodging        | |  4.4
Stealth        | |  5.8
Spellcasting   | |  4.8
Hexes          | |  6.5
Necromancy     | |  0.8
Translocations | |  0.8
Air Magic      | |  0.8
Invocations    | |  0.8

Action                   || total
-------------------------++-------
Melee: Dagger            ||    65
       Bite              ||     7
  Use: Potion            ||     1
 Stab: Sleeping          ||     1
Armor: Robe              ||     9
Dodge: Dodged            ||    47

Table legend:
 A = Spawn XP
 B = Non-spawn XP
 C = Spawn XP percentage of total XP
 D = Spawn monster count
 E = Non-spawn monster count
 F = Spawn count percentage of total count
 G = Total turns spent on level
                    A         B        C        D         E        F      G
               +---------+---------+-------+---------+---------+-------+---------
         Total |       0 |      19 |   0.0 |       0 |      12 |   0.0 |   521
               +---------+---------+-------+---------+---------+-------+---------
           D:1 |       0 |      19 |   0.0 |       0 |      12 |   0.0 |   521
               +---------+---------+-------+---------+---------+-------+---------
